 Dungeon Crawl Stone Soup version 0.29-a0-982-gaed3a0c8d8 (webtiles) character file.

Game seed: 5680046206049964009

105 MisterAzrael the Shield-Bearer (level 4, 0/41 HPs)
             Began as a Minotaur Fighter on Aug 1, 2022.
             Slain by a goblin
             ... wielding a +0 club
             ... led by Robin
              (2 damage)
             ... on level 3 of the Dungeon.
             The game lasted 00:01:57 (1941 turns).

MisterAzrael the Shield-Bearer (Minotaur Fighter)   Turns: 1941, Time: 00:01:57

Health: 0/41       AC:  7    Str: 23    XL:     4   Next: 53%
Magic:  3/3        EV:  9    Int:  5    God:
Gold:   209        SH:  0    Dex:  9    Spells: 3/3 levels left

rFire   . . .      SeeInvis .   j - +0 lajatang
rCold   . . .      Faith    .   (shield currently unavailable)
rNeg    . . .      Spirit   .   b - +0 scale mail
rPois   .          Reflect  .   (helmet restricted)
rElec   .          Harm     .   (no cloak)
rCorr   .          Rampage  .   (no gloves)
Will    .....                   (no boots)
Stlth   ..........              (no amulet)
HPRegen 0.13/turn               (no ring)
MPRegen 0.08/turn               (no ring)

@: mighty, brilliant, lethally poisoned (0 -> -3), flying
A: horns 2, retaliatory headbutt
a: no special abilities


You were on level 3 of the Dungeon.
You visited 1 branch of the dungeon, and saw 3 of its levels.

You collected 209 gold pieces.

Inventory:

Hand Weapons
 a - a +0 long sword
 j - a +0 lajatang (weapon)
Armour
 b - a +0 scale mail (worn)
 c - a +0 buckler
Scrolls
 f - a scroll of poison {unknown}
 h - a scroll of immolation {unknown}
 i - a scroll of blinking {unknown}
 k - a scroll of identify {unknown}
Potions
 d - a potion of might
 e - a potion of brilliance


   Skills:
 + Level 4.3 Fighting
 - Level 3.5 Long Blades
 * Level 1.6 Staves
 + Level 4.3 Armour
 + Level 4.4 Shields


You had 3 spell levels left.
You didn't know any spells.
Your spell library was empty.

Dungeon Overview and Level Annotations

Branches:
Dungeon (3/15)

Altars:
Dithmenos
Kikubaaqudgha
Ru

Shops:
D:3 *

Annotations:
D:3 Robin


Innate Abilities, Weirdness & Mutations

You have a pair of horns on your head.
You reflexively headbutt those who attack you in melee.


Message History

* * * LOW HITPOINT WARNING * * *
You feel very sick. The hobgoblin hits you.
* * * LOW HITPOINT WARNING * * *
Robin hits you but does no damage.
It was a potion of ambrosia.
You are confused.
You feel invigorated.
* * * LOW HITPOINT WARNING * * *
You feel sick.
The hobgoblin hits you but does no damage.
Robin closely misses you.
You barely miss the hobgoblin.
* * * LOW HITPOINT WARNING * * *
You feel sick. The hobgoblin hits you.
* * * LOW HITPOINT WARNING * * *
You feel less invigorated.
You feel less confused.
* * * LOW HITPOINT WARNING * * *
You feel sick. Robin hits you with a +0 dagger.
* * * LOW HITPOINT WARNING * * *
A goblin comes into view.
It is wielding a +1 dagger of holy wrath.
The goblin unwields a +0 dagger.
The goblin wields a +0 sling.
The goblin shoots a sling bullet.
The sling bullet barely misses you. The goblin hits you but does no damage.
The goblin shouts!
You barely miss the hobgoblin.
* * * LOW HITPOINT WARNING * * *
You feel sick. The hobgoblin barely misses you. You furiously retaliate!
You headbutt the hobgoblin!
You kill the hobgoblin!
Robin hits you but does no damage.
A goblin comes into view.
It is wielding a +2 dagger of holy wrath.
The goblin hits you but does no damage.
The goblin shoots a sling bullet.
The sling bullet hits you but does no damage.
Robin roars a battlecry!
The goblins go into a battle-frenzy!
The goblin closely misses you. The goblin attacks as you move away!
The goblin hits you with a +0 club.
You die...

#...#.#
#...#.#
#.....#
#.#...#
#.#...#
#.#...#
#.#.))#
#...g.#######
#####@)g.....
##g###### g#
.g .>. ####


You could see Robin and 4 goblins.

Vanquished Creatures
  An orc wizard (D:3)
  2 adders (D:2)
  A worm (D:2)
  An orc (D:3)
  5 ball pythons
  3 endoplasms
  3 giant cockroaches
  10 goblins
  4 hobgoblins
  3 jackals (D:1)
  A quokka (D:1)
  4 bats
  3 frilled lizards
  7 kobolds
  6 rats
54 creatures vanquished.

Notes
Turn   | Place    | Note
-------+----------+-------------------------------------------
     0 | D:1      | MisterAzrael the Minotaur Fighter began the quest for the
                  | Orb.
     0 | D:1      | Reached XP level 1. HP: 19/19 MP: 0/0
   351 | D:1      | Reached XP level 2. HP: 27/27 MP: 1/1
   902 | D:2      | Found an ancient bone altar of Kikubaaqudgha.
  1050 | D:2      | Reached XP level 3. HP: 33/33 MP: 2/2
  1244 | D:2      | Found a faded altar of an unknown god.
  1815 | D:3      | Found a shadowy altar of Dithmenos.
  1818 | D:3      | Found Agazyn's Assorted Antiques.
  1852 | D:3      | Found a sacrificial altar of Ru.
  1858 | D:3      | Reached XP level 4. HP: 40/40 MP: 3/3
  1862 | D:3      | Reached skill level 1 in Staves
  1928 | D:3      | Noticed Robin
  1938 | D:3      | HP: 2/41 [hobgoblin[Robin] (5)]
  1941 | D:3      | Slain by a goblin

Illustrated notes

Levels and vault maps discovered:
D:1:      saegor_arrival_simple_c, layout_rooms, patterned_corridor
D:2:      layout_basic, hellmonk_ecumenical_altar_lost_god, basic_altar
D:3:      layout_basic, xom_confusion_cloud, grunt_dithmenos_smoke,
          nicolae_ru_great_annihilating_truth, serial_shops, shop,
          nicolae_diamond_shop, shop, nicolae_shop_bloodbath_and_beyond,
          grunt_ministairs_10, hangedman_glass_teeth, uniq_crazy_yiuf_cottage,
          uniq_jessica, uniq_robin

Skill      XL: |  1  2  3  4 |
---------------+-------------+-----
Long Blades    | 3 |  3.5
Fighting       | 4 |  4.3
Armour         | 4 |  4.3
Shields        | 4 |  4.4
Staves         | 1 |  1.6

Action                   |  1- 3 |  4- 6 || total
-------------------------+-------+-------++-------
Melee: Long sword        |    72 |       ||    72
       Headbutt          |    10 |       ||    10
       Lajatang          |    31 |    12 ||    43
  Use: Potion            |       |     4 ||     4
 Stab: Paralysed         |     3 |       ||     3
Armor: Scale mail        |    74 |    16 ||    90
Dodge: Dodged            |    69 |    16 ||    85
Block: Buckler           |    22 |       ||    22

Table legend: (Time is in decaauts)
 A = Elapsed time spent in this place.
 B = Non-inter-level travel time spent in this place.
 C = Inter-level travel time spent in this place.
 D = Time resting spent in this place.
 E = Time spent auto-exploring this place.
 F = Levels seen in this place.
 G = Mean time per level.
                   A        B        C        D        E       F      G
               +--------+--------+--------+--------+--------+-----+--------+
         Total |   1977 |   1930 |     47 |      0 |   1631 |   3 |  659.0 |
       Dungeon |   1977 |   1930 |     47 |      0 |   1631 |   3 |  659.0 |
               +--------+--------+--------+--------+--------+-----+--------+

Top non-repeatable levels by time:
     D:1: 910 daAuts
     D:2: 899 daAuts
     D:3: 167 daAuts
